 Dungeon Crawl Stone Soup version 0.24.0-37-gcf1ca852f1 (webtiles) character file.

Game seed: 17434070584579038214, levelgen mode: deterministic

1083 grindst0ne the Shield-Bearer (level 8, 0/49 HPs)
             Began as a Vampire Fighter on Nov 21, 2019.
             Was an Initiate of Gozag.
             Slain by a bullfrog (5 damage)
             ... on level 6 of the Dungeon.
             The game lasted 00:07:19 (4659 turns).

grindst0ne the Shield-Bearer (Vampire Fighter)      Turns: 4659, Time: 00:07:19

Health: 0/49       AC:  6    Str: 15    XL:     8   Next: 8%
Magic:  2/2        EV: 10    Int: 11    God:    Gozag
Gold:   390        SH: 10    Dex: 15    Spells: 7/7 levels left

rFire    . . .     SeeInvis +   j - +0 war axe (antimagic)
rCold    + + .     Gourm    .   c - +1 shield
rNeg     + + +     Faith    .   b - +0 scale mail
rPois    ∞         Spirit   .   (no helmet)
rElec    .         Reflect  .   (no cloak)
rCorr    .         Harm     .   (no gloves)
MR       .....                  (no boots)
Stlth    ++........             (no amulet)
HPRegen  0.00/turn              (no ring)
MPRegen  0.08/turn              (no ring)

@: bloodless
A: no food, fangs 3, see invisible, unbreathing
a: Bat Form, Revivify, Potion Petition, Call Merchant, Bribe Branch, Renounce
Religion


You were on level 6 of the Dungeon.
You worshipped Gozag.
Gozag was aware of your devotion.
You were bloodless.

You visited 1 branch of the dungeon, and saw 6 of its levels.

You collected 439 gold pieces.
You paid 49 gold pieces to Gozag.

Inventory:

Hand Weapons
 a - a +0 war axe
 j - a +0 antimagic war axe (weapon)
Armour
 b - a +0 scale mail (worn)
 c - a +1 shield (worn)
 f - a +0 large shield
Wands
 l - a wand of polymorph (11)
Scrolls
 d - a scroll of fear
 g - 2 scrolls of enchant armour
 h - a scroll of magic mapping
 i - 2 scrolls of identify
Potions
 e - a potion of magic
 k - a potion of heal wounds


   Skills:
 + Level 5.1 Fighting
 + Level 4.5 Axes
 - Level 2.4 Armour
 + Level 4.9 Dodging
 + Level 5.1 Shields


You had 7 spell levels left.
You didn't know any spells.
Your spell library was empty.

Dungeon Overview and Level Annotations

Branches:
Dungeon (6/15)             Temple (0/1) D:4

Altars:
Cheibriados
Gozag
Makhleb
Ru
Sif Muna
Wu Jian


Innate Abilities, Weirdness & Mutations

You do not eat.
You do not regenerate when monsters are visible.
You are frail without blood (-20% HP).
You can heal yourself when you bite living creatures.
You are immune to poison.
You have razor-sharp teeth.
You have supernaturally acute eyesight. (SInv)
You can survive without breathing.


Message History

The bullfrog barely misses you. x2
You barely miss the bullfrog.
The bullfrog is heavily wounded.
The bullfrog hits you but does no damage.
You block the bullfrog's attack.
You barely miss the bullfrog. Your bite misses the bullfrog.
The bullfrog is heavily wounded.
The bullfrog hits you but does no damage.
The bullfrog hits you.
* * * LOW HITPOINT WARNING * * *
Your scale mail prevents you from hitting the bullfrog.
The bullfrog is heavily wounded.
You block the bullfrog's attack. The bullfrog hits you.
* * * LOW HITPOINT WARNING * * *
The bullfrog completely misses you.
You hit the bullfrog.
The bullfrog is heavily wounded.
The bullfrog hits you.
You die...
Your body crumbles into a pile of gold.

.............##.#
.............##.#
........####.##.##.
#+#####.# #.^.....
##..# ####.###
##..## #.# ##..##
#.# ##$..# #.###
#@F..# #.<..
#......# #####
#...[........
#..#.#..##.##
..#.#.#..# .# #. #
#.#... . # #.#.###
. #. ..


You could see a bullfrog.

Vanquished Creatures
  An ice beast (D:5)
  A sky beast (D:4)
  3 phantoms
  An ogre (D:5)
  A scorpion (D:4)
  2 crimson imps
  An orc priest (D:4)
  A centaur skeleton (D:6)
  2 hounds
  An orc wizard (D:4)
  An iguana (D:5)
  2 worker ants (D:4)
  3 gnolls (D:3)
  7 adders
  An ooze (D:3)
  4 worms
  An adder skeleton (D:4)
  3 dart slugs
  5 leopard geckos
  12 orcs
  10 bats
  7 giant cockroaches
  7 hobgoblins
  2 jackals (D:4)
  4 quokkas
  A ball python (D:3)
  3 frilled lizards
  5 goblins
  A kobold (D:1)
  A leopard gecko skeleton (D:5)
  A quokka zombie (D:5)
  11 rats
106 creatures vanquished.

Notes
Turn   | Place    | Note
-------+----------+-------------------------------------------
     0 | D:1      | grindst0ne the Vampire Fighter began the quest for the Orb.
     0 | D:1      | Reached XP level 1. HP: 17/17 MP: 1/1
   127 | D:1      | Reached XP level 2. HP: 23/23 MP: 2/2
   297 | D:1      | Reached skill level 1 in Dodging
   498 | D:2      | Reached XP level 3. HP: 29/29 MP: 3/3
  1116 | D:2      | Reached XP level 4. HP: 21/28 MP: 4/4
  1125 | D:2      | Found a sacrificial altar of Ru.
  1806 | D:3      | Reached XP level 5. HP: 31/32 MP: 5/5
  1869 | D:3      | Found a shimmering blue altar of Sif Muna.
  2645 | D:4      | Noticed a phantom
  2669 | D:4      | Killed a phantom
  2669 | D:4      | Reached XP level 6. HP: 3/38 MP: 2/6
  3108 | D:4      | Found an opulent altar of Gozag.
  3116 | D:4      | Became a worshipper of Gozag Ym Sagoz the Greedy
  3347 | D:4      | Found a staircase to the Ecumenical Temple.
  3655 | D:5      | Entered Level 5 of the Dungeon
  3661 | D:5      | Noticed a sky beast
  3691 | D:4      | Killed a sky beast
  3691 | D:4      | Reached XP level 7. HP: 27/44 MP: 2/7
  4317 | D:5      | Found an ornate altar of the Wu Jian Council.
  4318 | D:5      | Found a burning altar of Makhleb.
  4343 | D:5      | Found a snail-covered altar of Cheibriados.
  4422 | D:5      | Reached skill level 5 in Fighting
  4422 | D:5      | Reached skill level 5 in Shields
  4422 | D:5      | Reached XP level 8. HP: 35/49 MP: 2/8
  4659 | D:6      | Slain by a bullfrog

Levels and vault maps discovered:
D:1:      scummos_arrival_checkerplants, layout_rooms
D:2:      layout_loops_cross, marbit_many_paths, first_ration,
          kennysheep_generic_room_10
D:3:      layout_basic, nicolae_overflow_crystal_walls, minmay_crystal_water
D:4:      layout_basic, grunt_gozag_breadcrumbs,
          minmay_temple_entry_enclosed_plants
D:5:      layout_rooms, kennysheep_mini,
          chequers_temple_overflow_statue_of_worship
D:6:      layout_loops_cross, lemuel_zombie_altar_yredelemnul,
          grunt_temple_overflow_open, gup_ossuary_entry_pyramid, uniq_duvessa

Skill      XL: |  1  2  3  4  5  6  7 |
---------------+----------------------+-----
Axes           | 2 3 4 |  4.5
Dodging        | 1 2 3 4 |  4.9
Shields        | 3 4 5 |  5.1
Fighting       | 3 4 5 |  5.1
Armour         | |  2.4

Action                   |  1- 3 |  4- 6 |  7- 9 || total
-------------------------+-------+-------+-------++-------
Melee: War axe           |   112 |   208 |   121 ||   441
       Bite              |    13 |    22 |    14 ||    49
 Abil: Exsanguinate      |     1 |       |       ||     1
  Use: Potion            |     2 |     1 |     3 ||     6
       Scroll            |       |       |     4 ||     4
 Stab: Sleeping          |     2 |     7 |       ||     9
       Invisible         |       |       |     1 ||     1
Armor: Scale mail        |    52 |    98 |    42 ||   192
Dodge: Dodged            |    45 |    80 |    52 ||   177
Block: Shield            |    65 |   128 |    57 ||   250
